[Event "Superliga 2011 M"]
[Site "?"]
[Date "2011.10.08"]
[Round "1.1"]
[White "Svetushkin, Dmitry"]
[Black "Dobre, Claudiu-Cristian"]
[Result "1-0"]
[ECO "B12"]
[WhiteElo "2594"]
[BlackElo "2344"]
[PlyCount "83"]
[EventDate "2011.??.??"]
[TimeControl "5400"]

1. e4 c6 2. d4 d5 3. e5 Bf5 4. Nf3 e6 5. Be2 Nd7 6. O-O Ne7 7. Nbd2 h6 8. Nb3
Qc7 9. a4 O-O-O 10. a5 g5 11. Ne1 Rg8 12. Nd3 Ng6 13. Bg4 Bxg4 14. Qxg4 c5 15.
Nbxc5 Bxc5 16. dxc5 Ngxe5 17. Qe2 a6 18. f4 Nxd3 19. cxd3 Nb8 20. b4 Nc6 21.
Rb1 g4 22. Be3 d4 23. Bd2 Na7 24. f5 e5 25. f6 Nb5 26. Rbe1 Nc3 27. Qxe5 Qxe5
28. Rxe5 Nd5 29. Rff5 Ne3 30. Rf4 g3 31. Bxe3 dxe3 32. Rxe3 gxh2+ 33. Kxh2 Rg6
34. d4 Rg5 35. Re7 Rd7 36. Rfe4 Rgd5 37. Rxd7 Kxd7 38. Re7+ Kc6 39. Rxf7 Rf5
40. Rf8 Kb5 41. f7 Kxb4 42. c6 1-0

[Event "Superliga 2011 M"]
[Site "?"]
[Date "2011.10.08"]
[Round "1.1"]
[White "Baratosi, Daniel"]
[Black "Mateuta, Gabriel"]
[Result "0-1"]
[ECO "B01"]
[WhiteElo "2407"]
[BlackElo "2507"]
[PlyCount "76"]
[EventDate "2011.??.??"]
[TimeControl "5400"]

1. e4 d5 2. exd5 Qxd5 3. d4 Nc6 4. Nf3 Bg4 5. Be2 O-O-O 6. c4 Qf5 7. Be3 Bxf3
8. Bxf3 Nxd4 9. Bg4 Nc2+ 10. Qxc2 Qxg4 11. O-O Nh6 12. c5 Qg6 13. Qa4 Qa6 14.
Qe4 e6 15. Nc3 Nf5 16. b4 Be7 17. Bf4 Bf6 18. Be5 Qd3 19. Bxf6 gxf6 20. Rac1
Qxe4 21. Nxe4 Nd4 22. Rfe1 f5 23. Nc3 Nc6 24. a3 Rd3 25. Kf1 Rhd8 26. Red1
Rxd1+ 27. Rxd1 Rxd1+ 28. Nxd1 a5 29. bxa5 Nxa5 30. Ke2 Nb3 31. c6 Nd4+ 32. Ke3
Nxc6 33. Kf4 f6 34. g4 Ne7 35. h3 Kd7 36. Kg3 fxg4 37. hxg4 Nd5 38. Kh4 c5 0-1

[Event "Superliga 2011 M"]
[Site "?"]
[Date "2011.10.08"]
[Round "1.1"]
[White "Danilov, Vladimir"]
[Black "Cioara, Andrei-Nestor"]
[Result "1/2-1/2"]
[ECO "E42"]
[WhiteElo "2441"]
[BlackElo "2436"]
[PlyCount "56"]
[EventDate "2011.??.??"]
[TimeControl "5400"]

1. d4 e6 2. c4 Nf6 3. Nc3 Bb4 4. e3 O-O 5. Nge2 c5 6. a3 cxd4 7. axb4 dxc3 8.
Nxc3 d5 9. cxd5 exd5 10. b5 Be6 11. Be2 Nbd7 12. Qd4 Qb6 13. O-O Rfc8 14. Ra3
Ne4 15. Rd1 Qxd4 16. exd4 Nb6 17. Be3 Nd6 18. Rda1 Nbc4 19. Bxc4 Nxc4 20. Rxa7
Rxa7 21. Rxa7 Nxb2 22. Ne2 b6 23. Nf4 Nc4 24. Nxe6 fxe6 25. Re7 Ra8 26. g4 Ra5
27. Rxe6 Rxb5 28. Re7 Rb3 1/2-1/2

[Event "Superliga 2011 M"]
[Site "?"]
[Date "2011.10.08"]
[Round "1.1"]
[White "Chifor, Ovidiu-Emanuel"]
[Black "Manole, Stefan"]
[Result "1/2-1/2"]
[ECO "E01"]
[WhiteElo "2256"]
[BlackElo "2052"]
[PlyCount "38"]
[EventDate "2011.??.??"]
[TimeControl "5400"]

1. Nf3 d5 2. g3 Nf6 3. Bg2 c6 4. O-O e6 5. d4 Bd6 6. Nbd2 Nbd7 7. c4 O-O 8. Qc2
Re8 9. Rd1 Qe7 10. e4 Nxe4 11. Nxe4 dxe4 12. Qxe4 e5 13. dxe5 Nxe5 14. Ng5 f5
15. Qc2 Bc5 16. h3 h6 17. Nf3 Nxf3+ 18. Bxf3 Be6 19. Bf4 Qf6 1/2-1/2

[Event "Superliga 2011 M"]
[Site "?"]
[Date "2011.10.08"]
[Round "1.2"]
[White "Nisipeanu, Liviu-Dieter"]
[Black "Kamsky, Gata"]
[Result "1/2-1/2"]
[ECO "D15"]
[WhiteElo "2638"]
[BlackElo "2756"]
[PlyCount "25"]
[EventDate "2011.??.??"]
[TimeControl "5400"]

1. d4 d5 2. c4 c6 3. Nf3 Nf6 4. Nc3 a6 5. g3 g6 6. cxd5 cxd5 7. Bg2 Bg7 8. O-O
O-O 9. Ne5 e6 10. b3 Bd7 11. Bb2 Nc6 12. Nxd7 Nxd7 13. e3 1/2-1/2

[Event "Superliga 2011 M"]
[Site "?"]
[Date "2011.10.08"]
[Round "1.2"]
[White "Volokitin, Andrei"]
[Black "Iordachescu, Viorel"]
[Result "1/2-1/2"]
[ECO "C70"]
[WhiteElo "2686"]
[BlackElo "2646"]
[PlyCount "135"]
[EventDate "2011.??.??"]
[TimeControl "5400"]

1. e4 e5 2. Nf3 Nc6 3. Bb5 a6 4. Ba4 Nge7 5. c3 g6 6. d4 exd4 7. cxd4 b5 8. Bb3
Bg7 9. d5 Na5 10. Bd2 c5 11. d6 Nec6 12. Bg5 Bf6 13. h4 c4 14. Bc2 h6 15. Bxf6
Qxf6 16. Nc3 Bb7 17. Qd2 Nb4 18. Bb1 Kf8 19. e5 Qe6 20. Ne4 Qg4 21. O-O Bxe4
22. Bxe4 Qxe4 23. Qxb4 Nc6 24. Qc3 Rg8 25. Rfe1 Qf5 26. a4 Re8 27. axb5 axb5
28. Nd4 Nxd4 29. Qxd4 g5 30. Ra5 Rb8 31. Ra7 Qe6 32. Re4 Re8 33. Rb7 gxh4 34.
Rxh4 Qxe5 35. Rxd7 Rg6 36. Qf4 Rf6 37. Qxe5 Rxe5 38. Rd4 Ree6 39. Rd5 Ke8 40.
Rc7 Rxd6 41. Rxb5 Rb6 42. Rxb6 Rxb6 43. Rxc4 Rxb2 44. Rc6 Kf8 45. Rxh6 Kg7 46.
Rd6 Ra2 47. g3 Rb2 48. Kg2 Ra2 49. g4 f6 50. Kg3 Ra3+ 51. Kf4 Kg6 52. Rd4 Ra5
53. f3 Rb5 54. Rd3 Ra5 55. Kg3 Ra1 56. f4 Rg1+ 57. Kh3 f5 58. Rd6+ Kg7 59. gxf5
Kf7 60. Ra6 Rg8 61. Kh4 Rg1 62. Kh5 Rg2 63. Rg6 Rh2+ 64. Kg4 Rg2+ 65. Kf3 Rxg6
66. fxg6+ Kxg6 67. Ke4 Kf6 68. f5 1/2-1/2

[Event "Superliga 2011 M"]
[Site "?"]
[Date "2011.10.08"]
[Round "1.2"]
[White "Fedorov, Alexei"]
[Black "Parligras, Mircea-Emilian"]
[Result "1/2-1/2"]
[ECO "B12"]
[WhiteElo "2609"]
[BlackElo "2625"]
[PlyCount "99"]
[EventDate "2011.??.??"]
[TimeControl "5400"]

1. e4 c6 2. d4 d5 3. e5 Bf5 4. Be3 e6 5. Nd2 Nd7 6. Ngf3 Ne7 7. Be2 Bg6 8. Nh4
Nf5 9. Nxf5 Bxf5 10. O-O Be7 11. f4 Bg6 12. c3 O-O 13. Bh5 Bd3 14. Be2 Bg6 15.
Bh5 Bd3 16. Rf2 f5 17. Nf1 Ba6 18. g4 g6 19. gxf5 gxf5 20. Rg2+ Kh8 21. Qf3 Bh4
22. Nd2 Bd3 23. Qh3 Be4 24. Nf3 Bxf3 25. Bxf3 Qe7 26. Kh1 Rg8 27. Rag1 Raf8 28.
Bh5 b6 29. a4 c5 30. b4 c4 31. b5 Ra8 32. Bc1 Rac8 33. Qf3 Rcf8 34. Qe2 Qd8 35.
Ba3 Be7 36. Bc1 Rxg2 37. Rxg2 Bh4 38. Ba3 Be7 39. Bc1 Bh4 40. Qa2 Nb8 41. Rg1
Rg8 42. Rxg8+ Qxg8 43. Ba3 Qg7 44. Qg2 Be1 45. Bd6 Nd7 46. Bb4 Nf8 47. a5 bxa5
48. Bxa5 Nd7 49. Qe2 Bh4 50. Be8 1/2-1/2

[Event "Superliga 2011 M"]
[Site "?"]
[Date "2011.10.08"]
[Round "1.2"]
[White "Lupulescu, Constantin"]
[Black "Marin, Mihail"]
[Result "1/2-1/2"]
[ECO "E16"]
[WhiteElo "2655"]
[BlackElo "2550"]
[PlyCount "51"]
[EventDate "2011.??.??"]
[TimeControl "5400"]

1. Nf3 Nf6 2. c4 b6 3. g3 Bb7 4. Bg2 e6 5. d4 Bb4+ 6. Nbd2 O-O 7. O-O d5 8.
cxd5 exd5 9. Ne5 Be7 10. b3 Na6 11. Bb2 c5 12. Nd3 Re8 13. Rc1 Bf8 14. e3 Qe7
15. Qe2 Rad8 16. Rfd1 Ne4 17. dxc5 bxc5 18. Ba3 Nxd2 19. Qxd2 d4 20. e4 Rc8 21.
Re1 Qd7 22. Rc4 Qb5 23. e5 Bxg2 24. Kxg2 Nb8 25. Kg1 Nd7 26. Rc2 1/2-1/2

[Event "Superliga 2011 M"]
[Site "?"]
[Date "2011.10.08"]
[Round "1.2"]
[White "Miron, Lucian-Costin"]
[Black "Berescu, Alin-Mile"]
[Result "1/2-1/2"]
[ECO "D30"]
[WhiteElo "2514"]
[BlackElo "2495"]
[PlyCount "46"]
[EventDate "2011.??.??"]
[TimeControl "5400"]

1. Nf3 Nf6 2. c4 c6 3. d4 d5 4. Nbd2 e6 5. e3 Nbd7 6. b3 Bd6 7. Bb2 b6 8. Bd3
Bb7 9. O-O O-O 10. Qe2 Qe7 11. e4 dxe4 12. Nxe4 Ba3 13. Bc3 Bb4 14. Bb2 Ba3 15.
Bxa3 Qxa3 16. Nfg5 h6 17. Nxf6+ Nxf6 18. Ne4 Qe7 19. Rad1 Rfd8 20. Bb1 Rd7 21.
Rd2 Rad8 22. Rfd1 c5 23. Qe3 cxd4 1/2-1/2

[Event "Superliga 2011 M"]
[Site "?"]
[Date "2011.10.08"]
[Round "1.2"]
[White "Dragomirescu, Robin-Alexandru"]
[Black "Georgescu, Tiberiu-Marian"]
[Result "1/2-1/2"]
[ECO "B12"]
[WhiteElo "2353"]
[BlackElo "2391"]
[PlyCount "161"]
[EventDate "2011.??.??"]
[TimeControl "5400"]

1. e4 c6 2. d4 d5 3. e5 Bf5 4. Nf3 e6 5. Be2 c5 6. Be3 cxd4 7. Nxd4 Ne7 8. Nd2
Nbc6 9. N2f3 Bg4 10. O-O Bxf3 11. Nxf3 Nf5 12. Bf4 Be7 13. Bd3 Nh4 14. Nxh4
Bxh4 15. Qg4 g6 16. c4 h5 17. Qf3 dxc4 18. Bxc4 Bg5 19. Rfd1 Qe7 20. Bb5 O-O
21. Bxc6 bxc6 22. Rd6 Rab8 23. b3 Rb4 24. Bxg5 Qxg5 25. Re1 c5 26. Qc6 Rd4 27.
Qxc5 Rxd6 28. Qxd6 Rd8 29. Qa6 Qd2 30. Rf1 Rd7 31. h3 Kg7 32. Qa4 a5 33. Qh4
Kg8 34. Qf6 Rd4 35. g3 h4 36. g4 g5 37. a3 Qf4 38. Qxf4 Rxf4 39. Re1 Rd4 40.
Re3 Rd1+ 41. Kg2 Kg7 42. Kf3 Rd2 43. Rc3 Kg6 44. Ke3 Rd5 45. f4 Rd1 46. Ke4
gxf4 47. Kxf4 Rg1 48. Ke4 Kg5 49. Rf3 Re1+ 50. Kd3 Rxe5 51. Rxf7 Re1 52. Rf3
Ra1 53. a4 Rg1 54. Ke4 Rg2 55. Re3 Rg1 56. Kf3 Rb1 57. Re5+ Kf6 58. Re3 Kg5 59.
Re5+ Kf6 60. Rb5 Rg1 61. Rxa5 Rg3+ 62. Kf4 Rxb3 63. g5+ Kg6 64. Re5 Rxh3 65.
Rxe6+ Kf7 66. Ra6 Ra3 67. Kf5 h3 68. Ra7+ Kf8 69. Kf6 Rf3+ 70. Kg6 Re3 71. Rh7
Re6+ 72. Kf5 Ra6 73. Rxh3 Rxa4 74. Kg6 Kg8 75. Rf3 Ra8 76. Rf6 Rb8 77. Ra6 Rc8
78. Kh6 Rb8 79. g6 Rc8 80. Ra7 Rb8 81. Rc7 1/2-1/2

[Event "Superliga 2011 M"]
[Site "?"]
[Date "2011.10.08"]
[Round "1.3"]
[White "Jobava, Baadur"]
[Black "Jianu, Vlad-Cristian"]
[Result "1/2-1/2"]
[ECO "E76"]
[WhiteElo "2712"]
[BlackElo "2502"]
[PlyCount "62"]
[EventDate "2011.??.??"]
[TimeControl "5400"]

1. d4 Nf6 2. c4 g6 3. Nc3 Bg7 4. e4 d6 5. f4 O-O 6. Nf3 e5 7. dxe5 dxe5 8. Qxd8
Rxd8 9. Nxe5 Re8 10. Bd3 Ng4 11. Nxg4 Bxg4 12. e5 Na6 13. O-O Rad8 14. Be4 Nc5
15. Bf3 Bxf3 16. Rxf3 f6 17. Be3 Nd3 18. Nd5 c6 19. Nxf6+ Bxf6 20. exf6 Nxb2
21. f5 Nxc4 22. Bxa7 Kf7 23. Rh3 gxf5 24. Rxh7+ Kxf6 25. Rxb7 Rd2 26. Rb4 Rc2
27. a4 Ree2 28. Kf1 Re4 29. Kg1 Ree2 30. Kf1 Re4 31. Kg1 Ke5 1/2-1/2

[Event "Superliga 2011 M"]
[Site "?"]
[Date "2011.10.08"]
[Round "1.3"]
[White "Filip, Lucian"]
[Black "Yemelin, Vasily"]
[Result "1/2-1/2"]
[ECO "E17"]
[WhiteElo "2483"]
[BlackElo "2568"]
[PlyCount "81"]
[EventDate "2011.??.??"]
[TimeControl "5400"]

1. Nf3 Nf6 2. c4 e6 3. g3 b6 4. Bg2 Bb7 5. O-O Be7 6. Nc3 O-O 7. Re1 d5 8. cxd5
exd5 9. d4 Na6 10. Bf4 Qc8 11. Ne5 Rd8 12. e4 dxe4 13. Qb3 Qe6 14. Qxe6 fxe6
15. Nxe4 Nd5 16. Bg5 Re8 17. Bxe7 Rxe7 18. Rac1 Rae8 19. a3 Nb8 20. Rc2 h6 21.
Rec1 Nd7 22. Nc6 Bxc6 23. Rxc6 Nb8 24. R6c2 Rd8 25. Nd2 c6 26. Nf3 Nc7 27. Ne5
Nb5 28. Nxc6 Nxc6 29. Rxc6 Nxd4 30. Rc8 Rxc8 31. Rxc8+ Kf7 32. Rd8 Nf5 33. Be4
Rc7 34. Kf1 Ke7 35. Ra8 Nd6 36. Bd3 e5 37. f3 Ke6 38. Ke2 Kd5 39. h4 Nc4 40.
Rd8+ Ke6 41. Bxc4+ 1/2-1/2

[Event "Superliga 2011 M"]
[Site "?"]
[Date "2011.10.08"]
[Round "1.3"]
[White "Manolache, Marius"]
[Black "Balla, Tamas-Kristof"]
[Result "0-1"]
[ECO "A57"]
[WhiteElo "2535"]
[BlackElo "2378"]
[PlyCount "76"]
[EventDate "2011.??.??"]
[TimeControl "5400"]

1. d4 Nf6 2. c4 c5 3. d5 b5 4. Qc2 bxc4 5. e4 e6 6. Nc3 d6 7. Bxc4 exd5 8. Nxd5
Be6 9. Bg5 Be7 10. Nxe7 Qxe7 11. O-O-O Bxc4 12. Qxc4 Nc6 13. Bxf6 Qxf6 14. Qd5
Kd7 15. Nf3 Kc7 16. e5 dxe5 17. Qd7+ Kb6 18. Rd6 Qf4+ 19. Nd2 Rac8 20. Re1 Rc7
21. Rxc6+ Rxc6 22. Re4 Qh6 23. f4 Rc7 24. Nc4+ Kb7 25. Qd5+ Kb8 26. Qxe5 Qxh2
27. Nd6 a6 28. Ne8 Rxe8 29. Qxe8+ Kb7 30. Qe5 Qg1+ 31. Kc2 Rd7 32. Kb3 Qxg2 33.
Re3 Qd2 34. Qe4+ Kb6 35. a3 Qd5+ 36. Kc3 Qd4+ 37. Kc2 Qd1+ 38. Kc3 Rd4 0-1

[Event "Superliga 2011 M"]
[Site "?"]
[Date "2011.10.08"]
[Round "1.3"]
[White "Ardelean, George-Catalin"]
[Black "Bach, Adrian-Kalman"]
[Result "1-0"]
[ECO "C50"]
[WhiteElo "2491"]
[BlackElo "2270"]
[PlyCount "45"]
[EventDate "2011.??.??"]
[TimeControl "5400"]

1. e4 e5 2. Nf3 Nc6 3. Bc4 Bc5 4. d3 Nf6 5. Bb3 O-O 6. h3 d5 7. exd5 Nxd5 8.
O-O Be7 9. Re1 Bf6 10. Nbd2 Nf4 11. Ne4 b6 12. d4 Nxd4 13. Nxd4 Nxg2 14. Nc6
Qxd1 15. Rxd1 Nh4 16. Nxf6+ gxf6 17. Bh6 Bb7 18. Ne7+ Kh8 19. Bxf8 Nf3+ 20. Kh1
Nd4+ 21. Bd5 c6 22. Bg2 Rxf8 23. c3 1-0

[Event "Superliga 2011 M"]
[Site "?"]
[Date "2011.10.08"]
[Round "1.3"]
[White "Bida, Mihai-Eugen"]
[Black "Petrisor, Adrian"]
[Result "1/2-1/2"]
[ECO "C11"]
[WhiteElo "2141"]
[BlackElo "2388"]
[PlyCount "81"]
[EventDate "2011.??.??"]
[TimeControl "5400"]

1. e4 c5 2. Nf3 d6 3. d4 cxd4 4. Nxd4 Nf6 5. Nc3 a6 6. f3 e6 7. Be3 d5 8. e5
Nfd7 9. f4 Nc6 10. Qd2 Bb4 11. a3 Ba5 12. Bd3 Qc7 13. O-O g6 14. Qf2 Bxc3 15.
bxc3 Ne7 16. Ne2 h5 17. Bd4 h4 18. g4 hxg3 19. hxg3 Nf5 20. g4 Nxd4 21. cxd4
Nb6 22. Kg2 Bd7 23. Ng1 O-O-O 24. Nf3 Kb8 25. Rh1 Ba4 26. Ng5 Rc8 27. Rxh8 Rxh8
28. Rh1 Rxh1 29. Kxh1 Qe7 30. Qh2 Qxa3 31. Nxf7 Qc1+ 32. Kg2 Bxc2 33. Qh8+ Ka7
34. Bxc2 Qxc2+ 35. Kg3 a5 36. Nd6 a4 37. Qg7 Qc6 38. Qxg6 a3 39. Qd3 a2 40.
Qa3+ Qa4 41. Nb5+ 1/2-1/2

[Event "Superliga 2011 M"]
[Site "?"]
[Date "2011.10.09"]
[Round "2.1"]
[White "Shishkin, Vadim"]
[Black "Svetushkin, Dmitry"]
[Result "1/2-1/2"]
[ECO "D27"]
[WhiteElo "2450"]
[BlackElo "2594"]
[PlyCount "67"]
[EventDate "2011.??.??"]
[TimeControl "5400"]

1. d4 d5 2. c4 c6 3. Nf3 Nf6 4. Nc3 e6 5. e3 a6 6. Bd3 dxc4 7. Bxc4 b5 8. Be2
c5 9. O-O Bb7 10. dxc5 Bxc5 11. Qxd8+ Kxd8 12. b3 Nbd7 13. Bb2 Ke7 14. Rfd1
Rhc8 15. Rac1 g6 16. Ne1 Nb6 17. Bf3 Bxf3 18. Nxf3 Nfd5 19. Ne4 Nd7 20. Ne5
Nxe5 21. Nxc5 Nc6 22. e4 Nb6 23. Nd3 a5 24. Rc5 Na7 25. Bd4 Nd7 26. Rxc8 Nxc8
27. Nc5 Ncb6 28. f3 a4 29. Nxd7 Nxd7 30. bxa4 Rxa4 31. Rd2 f5 32. exf5 gxf5 33.
Kf1 Nf6 34. Bxf6+ 1/2-1/2

[Event "Superliga 2011 M"]
[Site "?"]
[Date "2011.10.09"]
[Round "2.1"]
[White "Mateuta, Gabriel"]
[Black "Thesing, Matthias"]
[Result "1/2-1/2"]
[ECO "E05"]
[WhiteElo "2507"]
[BlackElo "2404"]
[PlyCount "27"]
[EventDate "2011.??.??"]
[TimeControl "5400"]

1. c4 e6 2. g3 d5 3. Bg2 Nf6 4. Nf3 Be7 5. O-O O-O 6. d4 dxc4 7. Qc2 a6 8. a4
Bd7 9. Bg5 Bc6 10. Bxf6 Bxf6 11. Rd1 Bxf3 12. Bxf3 c6 13. Qxc4 a5 14. Nc3
1/2-1/2

[Event "Superliga 2011 M"]
[Site "?"]
[Date "2011.10.09"]
[Round "2.1"]
[White "Grozav, Valeriu-Gheorghe"]
[Black "Danilov, Vladimir"]
[Result "1/2-1/2"]
[ECO "C45"]
[WhiteElo "2166"]
[BlackElo "2441"]
[PlyCount "129"]
[EventDate "2011.??.??"]
[TimeControl "5400"]

1. e4 e5 2. Nf3 Nc6 3. d4 exd4 4. Nxd4 Nf6 5. Nxc6 bxc6 6. Bd3 d5 7. exd5 Qe7+
8. Qe2 Qxe2+ 9. Kxe2 cxd5 10. Re1 Bd6 11. Bb5+ Kd8 12. h3 Rb8 13. Bd3 c5 14. c3
h6 15. Kf1 Kc7 16. b3 Nh5 17. Kg1 Bd7 18. Na3 Rhe8 19. Rxe8 Rxe8 20. Bf1 Nf4
21. Nb5+ Bxb5 22. Bxf4 Bxf4 23. Bxb5 Rb8 24. Be2 Be5 25. Rd1 d4 26. cxd4 Bxd4
27. Kf1 a5 28. Bc4 a4 29. Rd2 f5 30. bxa4 Rb1+ 31. Ke2 Rb4 32. Bb3 Kb6 33. Rc2
Ka5 34. Kd3 Rb6 35. Re2 f4 36. Re6 Rxe6 37. Bxe6 Bxf2 38. Bd7 Kb4 39. Bb5 g5
40. a3+ Ka5 41. Be8 Be1 42. Kc4 Kb6 43. Kd5 Bd2 44. Kc4 Ba5 45. Kd5 Bc3 46. Kc4
Bd2 47. Kd5 Be3 48. Kc4 Ka5 49. Kb3 Bc1 50. Bh5 Kb6 51. Bf3 Ka6 52. Bh5 Ka5 53.
Bd1 Be3 54. Bh5 Bd2 55. Be8 Kb6 56. Kc4 Bc1 57. a5+ Kxa5 58. Kxc5 Bxa3+ 59. Kd5
Kb4 60. Ke4 Kc3 61. Kf5 Kd3 62. Kg6 Bf8 63. Kf7 Bc5 64. Kg6 Be3 65. Bc6 1/2-1/2

[Event "Superliga 2011 M"]
[Site "?"]
[Date "2011.10.09"]
[Round "2.1"]
[White "Zaim, Marian"]
[Black "Chifor, Ovidiu-Emanuel"]
[Result "1/2-1/2"]
[ECO "A26"]
[WhiteElo "2171"]
[BlackElo "2256"]
[PlyCount "80"]
[EventDate "2011.??.??"]
[TimeControl "5400"]

1. c4 Nf6 2. g3 g6 3. Bg2 Bg7 4. Nc3 O-O 5. e4 d6 6. Nge2 e5 7. O-O Nc6 8. d3
Nd4 9. Nxd4 exd4 10. Ne2 c5 11. Nf4 Bg4 12. f3 Bd7 13. Bd2 b5 14. b3 Qc7 15.
Qc2 Rab8 16. Rab1 Rfc8 17. Bh3 a6 18. Bxd7 Qxd7 19. Kg2 Qb7 20. Rfe1 Qc7 21.
Nh3 Qc6 22. Nf4 Qc7 23. Nh3 Qc6 24. a4 Rb7 25. axb5 axb5 26. Ra1 Rcb8 27. Ra2
bxc4 28. bxc4 Qb6 29. Rea1 h6 30. Nf2 Nd7 31. Bc1 h5 32. Ra6 Qc7 33. Qa4 Ne5
34. h3 Rb6 35. f4 Nc6 36. Kf3 Qb7 37. Ra8 Kh7 38. Rxb8 Qxb8 39. Qa8 Qxa8 40.
Rxa8 Bf6 1/2-1/2

[Event "Superliga 2011 M"]
[Site "?"]
[Date "2011.10.09"]
[Round "2.4"]
[White "Kamsky, Gata"]
[Black "Jobava, Baadur"]
[Result "1/2-1/2"]
[ECO "B70"]
[WhiteElo "2756"]
[BlackElo "2712"]
[PlyCount "59"]
[EventDate "2011.??.??"]
[TimeControl "5400"]

1. e4 c5 2. Nf3 d6 3. d4 cxd4 4. Nxd4 Nf6 5. Nc3 Nc6 6. Be2 g6 7. O-O Bg7 8.
Nb3 O-O 9. Re1 a6 10. Bf1 Bg4 11. f3 Be6 12. Bg5 d5 13. exd5 Nxd5 14. Nxd5 Bxd5
15. c3 Qd6 16. Be3 Rad8 17. Qe2 Be5 18. g3 Bg7 19. f4 b5 20. Qf2 Rfe8 21. Rad1
e6 22. a4 Rb8 23. a5 Ne7 24. g4 Qc6 25. Nc5 Bc4 26. Bg2 Bd5 27. Bf1 Bc4 28. Bg2
Bd5 29. Bf1 Bc4 30. Bg2 1/2-1/2

[Event "Superliga 2011 M"]
[Site "?"]
[Date "2011.10.09"]
[Round "2.4"]
[White "Parligras, Mircea-Emilian"]
[Black "Manolache, Marius"]
[Result "1-0"]
[ECO "E90"]
[WhiteElo "2625"]
[BlackElo "2535"]
[PlyCount "113"]
[EventDate "2011.??.??"]
[TimeControl "5400"]

1. d4 Nf6 2. c4 d6 3. Nc3 g6 4. e4 Bg7 5. h3 O-O 6. Nf3 e5 7. d5 a5 8. Bg5 Qe8
9. g4 Na6 10. Rg1 Bd7 11. Be2 Nc5 12. Nd2 c6 13. Be3 Qe7 14. h4 Ne8 15. h5 Nc7
16. Nb3 b6 17. Qd2 a4 18. Nxc5 bxc5 19. O-O-O cxd5 20. Nxd5 Nxd5 21. Qxd5 Be6
22. Qxd6 Qb7 23. hxg6 hxg6 24. Qd3 Rab8 25. Rd2 Qa6 26. Kb1 Qa5 27. Rc1 Rb4 28.
Rc3 Bf6 29. g5 Be7 30. f4 Rd8 31. Qc2 Rdb8 32. Qc1 Qa8 33. Qh1 Qb7 34. Rcc2 Rb3
35. Bd3 Rxd3 36. Rxd3 Bf8 37. fxe5 Bxc4 38. Rdc3 Be6 39. Qh4 Bg7 40. Rh2 Rc8
41. Bxc5 Rxc5 42. Rxc5 Qb4 43. Rhc2 a3 44. b3 Bf8 45. R5c3 Qd4 46. Qf4 Be7 47.
Rc7 Bb4 48. Rb7 Qd1+ 49. Qc1 Qd4 50. Rb8+ Bf8 51. Qxa3 Qd1+ 52. Qc1 Qd4 53. Qd2
Qg1+ 54. Rc1 Qg4 55. Qd6 Qxe4+ 56. Kb2 Kh7 57. Rxf8 1-0

[Event "Superliga 2011 M"]
[Site "?"]
[Date "2011.10.09"]
[Round "2.4"]
[White "Rogozenco, Dorian"]
[Black "Lupulescu, Constantin"]
[Result "0-1"]
[ECO "E36"]
[WhiteElo "2552"]
[BlackElo "2655"]
[PlyCount "76"]
[EventDate "2011.??.??"]
[TimeControl "5400"]

1. d4 Nf6 2. c4 e6 3. Nc3 Bb4 4. Qc2 O-O 5. a3 Bxc3+ 6. Qxc3 d5 7. Nf3 dxc4 8.
Qxc4 b6 9. g3 Bb7 10. Bg2 Bd5 11. Qd3 Be4 12. Qe3 Nc6 13. O-O Qd5 14. Rd1 e5
15. Rd2 exd4 16. Qf4 a5 17. Qxc7 Nd7 18. b4 axb4 19. Bb2 Nc5 20. axb4 Rxa1+ 21.
Bxa1 Nb3 22. Rd1 Nxa1 23. Rxa1 d3 24. Qf4 dxe2 25. Re1 Bd3 26. Qe3 Qb5 27. Qd2
Rd8 28. h4 Qxb4 29. Qc1 Bb5 30. Kh2 h6 31. Qe3 Qc5 32. Qb3 Bd3 33. Ra1 Qxf2 34.
Qc3 Be4 35. Ne1 Bxg2 36. Nxg2 Nd4 37. Qc7 Re8 38. Kh3 Qf5+ 0-1

[Event "Superliga 2011 M"]
[Site "?"]
[Date "2011.10.09"]
[Round "2.4"]
[White "Nevednichy, Vladislav"]
[Black "Ardelean, George-Catalin"]
[Result "1-0"]
[ECO "B01"]
[WhiteElo "2540"]
[BlackElo "2491"]
[PlyCount "79"]
[EventDate "2011.??.??"]
[TimeControl "5400"]

1. e4 d5 2. exd5 Qxd5 3. Nc3 Qd6 4. d4 c6 5. Ne4 Qe6 6. Qe2 Nf6 7. f3 Qd5 8. c3
Bf5 9. Ng3 g6 10. Nxf5 gxf5 11. Nh3 Nbd7 12. Nf4 Qd6 13. Nd3 Nd5 14. g3 h5 15.
Bh3 h4 16. g4 O-O-O 17. Bd2 Rg8 18. g5 e6 19. O-O-O Qc7 20. c4 Ne7 21. Kb1 Qb6
22. Be3 Qa6 23. Qc2 Kb8 24. f4 Nc8 25. d5 Nd6 26. dxe6 Nxc4 27. exf7 Rg7 28.
Bc1 Rxf7 29. Ne5 Ncxe5 30. fxe5 Re8 31. Rhe1 Nxe5 32. g6 Rc7 33. Bf4 Bg7 34.
Qxf5 Rce7 35. Bg5 Re6 36. Qc2 Qb5 37. Bxe6 Rxe6 38. a4 Qb4 39. Qd2 Qxd2 40.
Rxd2 1-0

[Event "Superliga 2011 M"]
[Site "?"]
[Date "2011.10.09"]
[Round "2.4"]
[White "Petrisor, Adrian-Marian"]
[Black "Dragomirescu, Robin-Alexandru"]
[Result "1/2-1/2"]
[ECO "E85"]
[WhiteElo "2388"]
[BlackElo "2353"]
[PlyCount "37"]
[EventDate "2011.??.??"]
[TimeControl "5400"]

1. d4 Nf6 2. c4 g6 3. Nc3 Bg7 4. e4 O-O 5. f3 Nc6 6. Be3 e5 7. Nge2 exd4 8.
Nxd4 d6 9. Qd2 Nxd4 10. Bxd4 Be6 11. Be2 c6 12. O-O a6 13. Rfd1 b5 14. cxb5
axb5 15. b4 c5 16. bxc5 dxc5 17. Bxc5 Qxd2 18. Rxd2 Nxe4 19. Nxe4 1/2-1/2

[Event "Superliga 2011 M"]
[Site "?"]
[Date "2011.10.08"]
[Round "2.5"]
[White "Vajda, Levente"]
[Black "Nisipeanu, Liviu-Dieter"]
[Result "1/2-1/2"]
[ECO "B22"]
[WhiteElo "2557"]
[BlackElo "2638"]
[PlyCount "63"]
[EventDate "2011.??.??"]
[TimeControl "5400"]

1. e4 c5 2. c3 Nf6 3. d3 Nc6 4. f4 d5 5. e5 Ng8 6. Nf3 e6 7. Be3 Nh6 8. Nbd2 d4
9. Bf2 Be7 10. Ne4 b6 11. cxd4 cxd4 12. Rc1 Qd5 13. Qb3 Qxb3 14. axb3 Bb7 15.
Nxd4 Nxd4 16. Bxd4 Nf5 17. Bc3 O-O 18. Be2 Rfd8 19. Kf2 Bxe4 20. dxe4 Bc5+ 21.
Kf3 Nd4+ 22. Bxd4 Rxd4 23. Rhd1 Rad8 24. Rxd4 Rxd4 25. Rc2 Kf8 26. g4 Ke7 27.
g5 g6 28. Bc4 Bb4 29. Ke3 Bc5 30. Kf3 Bb4 31. Ke3 Bc5 32. Kf3 1/2-1/2

[Event "Superliga 2011 M"]
[Site "?"]
[Date "2011.10.09"]
[Round "2.5"]
[White "Iordachescu, Viorel"]
[Black "Dobre, Claudiu-Cristian"]
[Result "1-0"]
[ECO "B10"]
[WhiteElo "2646"]
[BlackElo "2344"]
[PlyCount "71"]
[EventDate "2011.??.??"]
[TimeControl "5400"]

1. e4 c6 2. c4 e5 3. Nf3 Qa5 4. Be2 Nf6 5. O-O Be7 6. d4 d6 7. c5 O-O 8. cxd6
Bxd6 9. Nbd2 Qc7 10. Nc4 Be7 11. dxe5 Nxe4 12. Qc2 Nc5 13. Ng5 g6 14. Nd6 Bxd6
15. exd6 Qxd6 16. Be3 Nbd7 17. Rad1 Qe7 18. Rfe1 Ne6 19. Nxe6 fxe6 20. Bc4 Rf5
21. b4 Nb6 22. Bc5 Qf6 23. Bd4 Qe7 24. Bd3 Rd5 25. Bxg6 e5 26. Bc5 Qg7 27. Be4
Bg4 28. f3 Rxd1 29. Rxd1 Be6 30. Rd6 Bd5 31. Qd3 Bxe4 32. fxe4 Re8 33. Rd8 Rxd8
34. Qxd8+ Kf7 35. h4 Qf6 36. Qf8+ 1-0

[Event "Superliga 2011 M"]
[Site "?"]
[Date "2011.10.09"]
[Round "2.5"]
[White "Baratosi, Daniel"]
[Black "Fedorov, Alexei"]
[Result "1/2-1/2"]
[ECO "E60"]
[WhiteElo "2407"]
[BlackElo "2609"]
[PlyCount "97"]
[EventDate "2011.??.??"]
[TimeControl "5400"]

1. d4 Nf6 2. c4 g6 3. g3 Bg7 4. Bg2 O-O 5. Nc3 d6 6. Nf3 Nc6 7. O-O Bf5 8. d5
Na5 9. Nd4 Bd7 10. b3 c5 11. dxc6 Nxc6 12. Bb2 Qa5 13. Nd5 Nxd5 14. Bxd5 Rfc8
15. Bg2 a6 16. Nxc6 Bxc6 17. Bxg7 Kxg7 18. Qd4+ Kg8 19. Rfc1 Bxg2 20. Kxg2 Rc6
21. a4 Rac8 22. e4 Qb4 23. Qe3 b6 24. Rd1 b5 25. axb5 axb5 26. cxb5 Qxb5 27.
Ra7 Re8 28. Rda1 Rb6 29. Ra8 Rbb8 30. Rxb8 Rxb8 31. Rb1 Qb4 32. e5 e6 33. exd6
Qxd6 34. Qe4 Rb4 35. Qf3 e5 36. Rd1 Qe6 37. Qd5 Qxd5+ 38. Rxd5 e4 39. g4 Rxb3
40. Re5 Rb4 41. g5 Kg7 42. Kg3 f5 43. Re7+ Kg8 44. Kf4 Rb8 45. h4 Rf8 46. Ra7
Rf7 47. Ra5 Re7 48. h5 Kf7 49. Ra6 1/2-1/2